 Dungeon Crawl Stone Soup version 0.30.1-4-g462c640d31 (webtiles) character file.

Game seed: 1382659960021082362

4302 Almogavar the Carver (level 10, -7/88 HPs)
             Began as a Minotaur Berserker on Aug 29, 2023.
             Was an Elder of Trog.
             Killed from afar by an acid dragon (20 damage)
             ... with a splash of acid
             ... in a bailey.
             The game lasted 00:18:24 (6911 turns).

Almogavar the Carver (Minotaur Berserker)           Turns: 6911, Time: 00:18:26

Health: -7/88      AC: 12    Str: 26    XL:     10   Next: 11%
Magic:  9/9        EV: 17    Int:  4    God:    Trog [****..]
Gold:   420        SH:  5    Dex: 16    Spells: 9/9 levels left

rFire   x . .        a - +0 falchion (heavy)
rCold   + + .        (no shield)
rNeg    . . .        n - +0 ice dragon scales
rPois   .            (helmet restricted)
rElec   .            K - +1 cloak {Stlth+}
rCorr   .            (no gloves)
SInv    .            E - +0 pair of boots
Will    .....        r - amulet of reflection
Stlth   +            f - +6 ring of dexterity
HPRegen 0.34/turn    A - +5 ring of evasion
MPRegen 0.11/turn

%: reflection
@: corroded, very slow
A: horns 2, retaliatory headbutt
a: Renounce Religion, Berserk, Trog's Hand, Brothers in Arms


You were in a bailey.
You worshipped Trog.
Trog was greatly pleased with you.
You visited 1 branch of the dungeon, and saw 8 of its levels.
You also visited: Sewer, Ossuary and Bailey.

You collected 420 gold pieces.

Inventory:

Hand Weapons
 a - a +0 heavy falchion (weapon)
 H - a +0 sling
 I - the +1 spear "Gimath" {heavy, rElec Str+3}
   (You found it on level 7 of the Dungeon)

   Str:       It affects your strength (+3).
   rElec:     It insulates you from electricity.
Missiles
 D - a throwing net (quivered)
Armour
 n - +0 ice dragon scales (worn)
 E - a +0 pair of boots (worn)
 K - a +1 cloak of stealth (worn)
Jewellery
 f - a +6 ring of dexterity (left hand)
 r - an amulet of reflection (around neck)
 A - a +5 ring of evasion (right hand)
Wands
 B - a wand of mindburst (23)
Scrolls
 d - 6 scrolls of amnesia
 g - 3 scrolls of enchant armour
 j - a scroll of brand weapon
 k - 5 scrolls of fog
 p - 3 scrolls of noise {unknown}
 v - 2 scrolls of magic mapping
 y - 2 scrolls of poison {unknown}
 z - a scroll of fear {unknown}
 F - 2 scrolls of teleportation {unknown}
 G - a scroll of vulnerability {unknown}
 J - a scroll of enchant weapon {unknown}
 L - a scroll of blinking {unknown}
Potions
 b - a potion of berserk rage
 c - 3 potions of flight
 e - a potion of ambrosia
 h - 3 potions of curing
 i - 2 potions of might
 l - 5 potions of magic
 m - 3 potions of brilliance
 o - a potion of mutation {unknown}
 q - 2 potions of lignification {unknown}
 s - a potion of attraction {unknown}
 t - 5 potions of haste {unknown}
 u - 3 potions of invisibility {unknown}
 w - a potion of resistance {unknown}
 x - 2 potions of heal wounds {unknown}
 C - a potion of cancellation {unknown}


   Skills:
 + Level 7.8 Fighting
 + Level 11.6 Long Blades
 + Level 9.3 Armour
 + Level 5.5 Dodging
 - Level 0.9 Stealth
 + Level 4.8 Shields


You had 9 spell levels left.
You didn't know any spells.
Your spell library was empty.

Dungeon Overview and Level Annotations

Branches:
Dungeon (8/15)             Temple (0/1) D:6           Sewer (visited)
Ossuary (visited)          Bailey (1/1)
   Lair: D:8-11

Altars:
Makhleb
Uskayaw
Wu Jian

Shops:
D:1 =   D:6 *=


Innate Abilities, Weirdness & Mutations

You have a pair of horns on your head.
You reflexively headbutt those who attack you in melee.


Message History

Trog accepts your kill.
You enter the shallow water.
Moving in this stuff is going to be slow.
A spriggan comes into view. It is wielding a +0 trident.
The spriggan shouts!
The acid dragon bites you but does no damage.
The acid dragon completely misses you.
Your unstable footing causes you to fumble your attack.
The spriggan barely misses you. The acid dragon spits acid at you.
The splash of acid hits you!! The acid corrodes you!
You hear two shouts!
You are too injured to fight recklessly!
You are too injured to fight recklessly!
You are too injured to fight recklessly!
A two-headed ogre comes into view.
It is wielding a +0 glaive and a +0 halberd.
The acid dragon barely misses you. You furiously retaliate!
You headbutt the acid dragon. The acid dragon barely misses you.
The spriggan closely misses you.
You hit the acid dragon.
The acid dragon is lightly wounded.
You block the acid dragon's attack. The acid dragon closely misses you.
The spriggan barely misses you.
You hit the acid dragon.
The acid dragon is moderately wounded.
The spriggan hits you from afar with a +0 trident!
The acid dragon bites you. The acid dragon claws you.
The spriggan barely misses you. You furiously retaliate!
You headbutt the spriggan, but do no damage.
The acid dragon bites you.
The acid dragon claws you but does no damage.
The spriggan misses you.
The two-headed ogre hits you from afar with a +0 glaive!!
* * * LOW HITPOINT WARNING * * *
The two-headed ogre hits you from afar with a +0 halberd.
* * * LOW HITPOINT WARNING * * *
You block the spriggan's attack. The acid dragon spits acid at you.
The splash of acid hits you!!
You die...

##.## #..#
##...## #..#
#.....# #..#
##.....###..#
#...∩..)~~..#
#......)~~..#
#......)~D..♣
#.....)~~~..#
#...∩..~~@i.#
##.....###.O#
#.....# #..#
##...## #..#
##.## #..#
### #... #..
##


You could see a two-headed ogre, an acid dragon (catching breath) and a
spriggan.

Vanquished Creatures
  The ghost of LowPressure the Insei, a novice DgTm (D:7)
  A moth of wrath (D:7)
  2 spriggans (Bailey)
  A wyvern (D:7)
  Menkaure (D:5)
  Duvessa (D:5)
  2 water moccasins (D:7)
  An orc warrior (D:7)
  3 sky beasts
  3 ice beasts (D:7)
  3 ogres (Bailey)
  4 elf zombies (Ossuary)
  4 bullfrogs
  A scorpion (D:6)
  Dowan (D:5)
  3 killer bees (D:7)
  A howler monkey (D:7)
  4 centaur zombies (Ossuary)
  2 jellies (Sewer)
  4 hounds
  A gnoll bouda (D:6)
  4 human zombies (Ossuary)
  2 orc priests (D:6)
  A sleepcap (D:6)
  5 orc wizards
  3 mummies (Ossuary)
  5 gnolls
  11 adders
  2 river rats
  A white imp (D:7)
  2 worms
  3 dart slugs
  12 orcs
  14 ball pythons
  15 endoplasms
  10 giant cockroaches
  6 goblins
  7 hobgoblins
  2 jackals (D:2)
  2 quokkas
  7 bats
  7 frilled lizards
  5 kobolds
  10 rats
180 creatures vanquished.

Notes
Turn   | Place    | Note
-------+----------+-------------------------------------------
     0 | D:1      | Almogavar the Minotaur Berserker began the quest for the
                  | Orb.
     0 | D:1      | Reached XP level 1. HP: 19/19 MP: 0/0
    47 | D:1      | Found Suiquthrets's Jewellery Shoppe.
   120 | D:1      | Found a faded altar of an unknown god.
   147 | D:1      | Reached XP level 2. HP: 24/27 MP: 1/1
   280 | D:1      | Reached skill level 4 in Long Blades
   742 | D:2      | Reached XP level 3. HP: 33/33 MP: 2/2
   744 | D:2      | Reached ** piety under Trog
   892 | D:2      | Found a burning altar of Makhleb.
  1096 | D:2      | Reached XP level 4. HP: 39/41 MP: 3/3
  1871 | D:4      | Reached XP level 5. HP: 43/47 MP: 4/4
  1888 | D:4      | You fall into a shaft and drop 2 floors!
  1893 | D:6      | Found Zioqilapp's Serpentskin Sales.
  1923 | D:6      | Found Pollellu's Jewellery Emporium.
  1950 | D:5      | Entered Level 5 of the Dungeon
  1965 | D:5      | Reached skill level 5 in Long Blades
  2004 | D:5      | Found a sand-covered staircase.
  2011 | Ossuary  | Entered an ossuary
  2087 | Ossuary  | Reached XP level 6. HP: 45/55 MP: 5/5
  2107 | Ossuary  | Reached skill level 5 in Fighting
  2107 | Ossuary  | Reached skill level 6 in Long Blades
  2181 | Ossuary  | Reached *** piety under Trog
  2182 | Ossuary  | Reached skill level 1 in Shields
  2203 | Ossuary  | Reached skill level 5 in Armour
  2203 | Ossuary  | Reached XP level 7. HP: 42/61 MP: 6/6
  2343 | Ossuary  | Reached skill level 7 in Long Blades
  2499 | D:5      | Found a glowing drain.
  2512 | Sewer    | Entered a sewer
  2670 | Sewer    | Found a viscous altar of Jiyva.
  2813 | Sewer    | Reached **** piety under Trog
  2943 | D:4      | Found an ornate altar of the Wu Jian Council.
  3286 | D:4      | Found a hide-covered altar of Uskayaw.
  3822 | D:5      | Noticed Menkaure
  3831 | D:5      | Killed Menkaure
  3832 | D:5      | Reached skill level 8 in Long Blades
  3832 | D:5      | Reached XP level 8. HP: 37/70 MP: 7/7
  4136 | D:5      | Noticed Duvessa
  4136 | D:5      | Noticed Dowan
  4143 | D:5      | Killed Dowan
  4144 | D:5      | Killed Duvessa
  4865 | D:6      | Reached skill level 9 in Long Blades
  5143 | D:6      | Found a staircase to the Ecumenical Temple.
  5243 | D:7      | Noticed a moth of wrath
  5491 | D:7      | Reached XP level 9. HP: 72/78 MP: 8/8
  5698 | D:7      | Reached skill level 10 in Long Blades
  5982 | D:7      | Found a transporter.
  6060 | D:7      | Noticed LowPressure's ghost (novice DgTm)
  6190 | D:7      | Identified the +1 spear "Gimath" {heavy, rElec Str+3}
  6472 | D:7      | Found a transporter.
  6658 | D:7      | Killed a moth of wrath
  6659 | D:7      | Reached skill level 5 in Dodging
  6661 | D:7      | Reached skill level 11 in Long Blades
  6669 | D:7      | Killed LowPressure's ghost
  6803 | D:8      | Found a flagged portal.
  6809 | Bailey   | Entered a bailey
  6832 | Bailey   | Reached XP level 10. HP: 63/88 MP: 9/9
  6907 | Bailey   | Noticed a two-headed ogre
  6911 | Bailey   | Killed from afar by an acid dragon

Illustrated notes

Levels and vault maps discovered:
D:1:      lightli_arrival_lavapool, layout_loops_ring, serial_shops,
          nicolae_shop_tiny_waterfront, ebering_ecumenical_altar_abandoned,
          minivault_26
D:2:      layout_rooms, basic_altar, nicolae_titane
D:3:      layout_rooms, minmay_fractal_squares_diagonal_5
D:4:      layout_basic, mainiacjoe_overflow_catch_the_wave, nrook_mini_backslash
D:5:      layout_loops_ring, chequers_ossuary_entry_cave, portal_sewer_entry_a,
          uniq_menkaure, uniq_duvessa
D:6:      layout_basic, minmay_temple_entry_fiery, serial_shops, shop,
          guppyfry_shop_venom
D:7:      layout_layer_cave, gammafunk_ghost_berserking_beasts,
          grunt_decor_one_mirror
D:8:      layout_basic, enter_bailey_2
Bailey:   bailey_polearm_enchanted_keep_hellmonk, bailey

Skill      XL: |  1  2  3  4  5  6  7  8  9 |
---------------+----------------------------+-----
Long Blades    | 4 5 6 8 9 11 | 11.6
Fighting       | 4 5 6 7 |  7.8
Armour         | 3 4 5 6 7 9 |  9.3
Dodging        | 3 4 5 |  5.5
Shields        | 1 2 3 4 |  4.8
Stealth        | |  0.9

Action                     |  1- 3 |  4- 6 |  7- 9 | 10-12 || total
---------------------------+-------+-------+-------+-------++-------
  Melee: Falchion          |    70 |   131 |   237 |    13 ||   451
         Headbutt          |     8 |    19 |    39 |     1 ||    67
         Punch             |       |     1 |     6 |       ||     7
 Invoke: Berserk           |       |     1 |     4 |       ||     5
         Trog's Hand       |       |       |     2 |       ||     2
    Use: Scroll            |     1 |    10 |     4 |       ||    15
   Stab: Sleeping          |     1 |       |       |       ||     1
 Armour: Ring mail         |    22 |    14 |       |       ||    36
         Animal skin       |     1 |       |       |       ||     1
         Scale mail        |       |    39 |    62 |       ||   101
         Ice dragon scales |       |       |    34 |     4 ||    38
  Dodge: Dodged            |    53 |    57 |   172 |    12 ||   294
  Block: Other             |       |    17 |    63 |     3 ||    83
